 Dungeon Crawl Stone Soup version 0.30-a0-166-g5d06c95188 (webtiles) character file.

Game seed: 12629431534947022471

112 Decritt the Digger (level 4, -5/26 HPs)
             Began as a Gargoyle Earth Elementalist on Sept 29, 2022.
             Slain by Grinder (9 damage)
             ... on level 2 of the Dungeon.
             The game lasted 00:04:09 (2403 turns).

Decritt the Digger (Gargoyle Earth Elementalist)    Turns: 2403, Time: 00:04:10

Health: -5/26      AC:  5    Str: 12    XL:     4   Next: 93%
Magic:  4/7        EV: 12    Int: 17    God:
Gold:   67         SH:  0    Dex: 10    Spells: 2/8 levels left

rFire   . . .      SeeInvis .    d - +1 whip
rCold   . . .      Faith    .    (no shield)
rNeg    + . .      Spirit   .    a - +0 robe
rPois   ∞          Reflect  .    (no helmet)
rElec   +          Harm     .    (no cloak)
rCorr   .          Rampage  .    (no gloves)
Will    .....                    (no boots)
Stlth   ++........               (no amulet)
HPRegen 0.08/turn                (no ring)
MPRegen 0.10/turn                (no ring)

@: no status effects
A: sickness immunity, AC +3, negative energy resistance 1, electricity
resistance, torment resistance 1, petrification resistance
a: no special abilities


You were on level 2 of the Dungeon.
You visited 1 branch of the dungeon, and saw 3 of its levels.

You collected 67 gold pieces.

Inventory:

Hand Weapons
 d - a +1 whip (weapon)
Armour
 a - a +0 robe (worn)
Wands
 l - a wand of light (8)
Potions
 b - a potion of magic
 c - a potion of attraction {unknown}
 g - 2 potions of heal wounds
 i - 3 potions of degeneration
 j - a potion of curing
 k - a potion of flight {unknown}


   Skills:
 + Level 1.9 Fighting
 - Level 1.3 Armour
 + Level 2.1 Dodging
 - Level 2.1 Stealth
 + Level 2.6 Spellcasting
 + Level 1.7 Conjurations
 - Level 0.7 Transmutations
 + Level 4.1 Earth Magic


You had 2 spell levels left.
You knew the following spells:

 Your Spells              Type           Power      Damage    Failure   Level
a - Sandblast             Erth           32%        2d9       3%          1
b - Stone Arrow           Conj/Erth      24%        3d8       16%         3
c - Passwall              Tmut/Erth      8%         N/A       10%         2

Your spell library contained the following spells:

 Spells                   Type           Power      Damage    Failure   Level
 Hailstorm                Conj/Ice       5%         3d4       36%         3
 Gell's Gravitas          Tloc           2%         N/A       50%         3
 Ozocubu's Armour         Ice            2%         N/A       50%         3
 Portal Projectile        Hex/Tloc       4%         N/A       50%         3
 Petrify                  Tmut/Erth      10%        N/A       54%         4
 Ice Form                 Ice/Tmut       3%         N/A       83%         4
 Simulacrum               Ice/Necr       1%         N/A       100%        6
 Ozocubu's Refrigeration  Ice            1%         4d7       100%        7
 Fire Storm               Conj/Fire      2%         8d1       100%        9


Dungeon Overview and Level Annotations

Branches:
Dungeon (3/15)

Altars:

Shops:
D:1 *

Annotations:
D:2 Grinder


Innate Abilities, Weirdness & Mutations

You are immune to sickness and miasma.
Your stone body is resilient. (AC +3)
You are immune to poison.
You resist negative energy. (rN+)
You are resistant to electric shocks. (rElec)
You are resistant to unholy torment.
You are immune to petrification.


Message History

There is a stone staircase leading up here.
Grinder closely misses you. The orc closely misses you.
The orc hits you but does no damage.
You climb upwards.
There is a stone staircase leading down here.
Casting: Sandblast (safe; 3% risk of failure)
Confirm with . or Enter, or press ? or * to list all spells.
Aiming: Sandblast (safe; 3% risk of failure)
Press: ? - help, Shift-Dir - straight line, f - orc
Aim: an orc, wielding a +0 hand axe (82% to hit)
The blast of sand hits the orc.
The orc is severely wounded.
The orc hits you with a +0 short sword. Grinder gestures at you.
Pain shoots through your body! The orc hits you with a +0 hand axe.
The orc hits you with a +0 short sword. Grinder barely misses you.
The orc completely misses you.
Casting: Sandblast (safe; 3% risk of failure)
Confirm with . or Enter, or press ? or * to list all spells.
Aiming: Sandblast (safe; 3% risk of failure)
Press: ? - help, Shift-Dir - straight line, f/p - orc
Aim: an orc, wielding a +0 hand axe (severely wounded, 82% to hit)
The blast of sand hits the orc!
You kill the orc!
The orc hits you but does no damage.
Grinder says, "There's only one good use for a tongue: cutting it out."
Grinder closely misses you.
Casting: Sandblast (safe; 3% risk of failure)
Confirm with . or Enter, or press ? or * to list all spells.
Aiming: Sandblast (safe; 3% risk of failure)
Press: ? - help, Shift-Dir - straight line, f - orc
Aim: an orc, wielding a +0 short sword (82% to hit)
The blast of sand hits the orc!
You kill the orc!
Grinder hits you!
* * * LOW HITPOINT WARNING * * *
You writhe in agony.
* * * LOW HITPOINT WARNING * * *
Grinder hits you!
You die...

####### #.....# #.....#
######.....#########
....##.....#.##....#
....##.....#....##.#####
....##.....#...)##.#...#
....'......()..)@#.#.#.####
....########...#5#.#.#....#
....# #...............#
##### #.#.##.#.#.####.#
#...##.###)# #.# ######.#
#.# ### #.###.# #.....#
#..####


You could see Grinder.

Vanquished Creatures
  Jessica (D:2)
  An adder (D:3)
  3 dart slugs (D:1)
  A worm (D:2)
  4 orcs
  2 ball pythons
  3 bats
  9 endoplasms
  4 giant cockroaches
  6 goblins
  6 hobgoblins
  3 jackals (D:2)
  9 kobolds
  A quokka (D:3)
  3 frilled lizards
  3 rats
59 creatures vanquished.

Notes
Turn   | Place    | Note
-------+----------+-------------------------------------------
     0 | D:1      | Decritt the Gargoyle Earth Elementalist began the quest for
                  | the Orb.
     0 | D:1      | Reached XP level 1. HP: 10/10 MP: 3/3
   385 | D:1      | Reached XP level 2. HP: 16/16 MP: 3/5
   628 | D:1      | Reached skill level 1 in Fighting
   640 | D:1      | Reached XP level 3. HP: 18/20 MP: 1/6
   696 | D:1      | Learned a level 3 spell: Stone Arrow
   704 | D:1      | Learned a level 2 spell: Passwall
   714 | D:1      | Reached skill level 1 in Conjurations
   752 | D:1      | Got Sif Muna's Vellum of the Warped Pyre
   777 | D:1      | Found a faded altar of an unknown god.
   937 | D:1      | Found Dimout's General Store.
   967 | D:1      | Reached skill level 1 in Armour
  1451 | D:2      | Noticed Jessica
  1456 | D:2      | Killed Jessica
  1457 | D:2      | Reached skill level 4 in Earth Magic
  1457 | D:2      | Reached XP level 4. HP: 25/25 MP: 4/7
  2231 | D:3      | Noticed Grinder
  2403 | D:2      | Slain by Grinder

Illustrated notes

Levels and vault maps discovered:
D:1:      erik_arrival_blinker_ship, layout_basic, serial_shops,
          nicolae_shop_hallway_stairs, hellmonk_ecumenical_altar_crossroads
D:2:      layout_basic, uniq_jessica
D:3:      layout_basic, uniq_grinder

Skill      XL: |  1  2  3 |
---------------+----------+-----
Fighting       | 1 |  1.9
Conjurations   | 1 |  1.7
Armour         | 1 |  1.3
Dodging        | 2 |  2.1
Earth Magic    | 4 |  4.1
Stealth        | |  2.1
Spellcasting   | |  2.6
Transmutations | |  0.7

Action                   |  1- 3 |  4- 6 || total
-------------------------+-------+-------++-------
Melee: Whip              |    42 |    21 ||    63
       Unarmed           |     3 |       ||     3
 Cast: Sandblast         |    38 |    34 ||    72
  Use: Scroll            |       |     5 ||     5
 Stab: Sleeping          |     1 |       ||     1
Armor: Robe              |    10 |    14 ||    24
Dodge: Dodged            |    31 |    37 ||    68

Table legend: (Time is in decaauts)
 A = Elapsed time spent in this place.
 B = Non-inter-level travel time spent in this place.
 C = Inter-level travel time spent in this place.
 D = Time resting spent in this place.
 E = Time spent auto-exploring this place.
 F = Levels seen in this place.
 G = Mean time per level.
                   A        B        C        D        E       F      G
               +--------+--------+--------+--------+--------+-----+--------+
         Total |   2445 |   2379 |     66 |    343 |   1679 |   3 |  815.0 |
       Dungeon |   2445 |   2379 |     66 |    343 |   1679 |   3 |  815.0 |
               +--------+--------+--------+--------+--------+-----+--------+

Top non-repeatable levels by time:
     D:1: 1396 daAuts
     D:2: 920 daAuts
     D:3: 127 daAuts
